[Event "Titled Tuesday Blitz May 18 2021"]
[White "Ivanisevic, Ivan"]
[Black "Sevian, Samuel"]
[WhiteFideId "912417"]
[BlackFideId "2040506"]
[WhiteElo "2499"]
[BlackElo "2975"]
[Result "0-1"]
[Round "03"]
[TimeControl "180+1"]
[Date "2021.05.18"]
[WhiteClock "0:00:03"]
[BlackClock "0:00:17"]

1. d4 Nf6 2. c4 e5 3. dxe5 Ng4 4. e3 Nxe5 5. f4 Nec6 6. Nc3 Bb4 7. Ne2 O-O 8. a3 Bxc3+ 9. Nxc3 a5 10. Bd3 Re8 11. O-O d6 12. b3 Nd7 13. Bc2 Nc5 14. Rb1 Be6 15. e4 Qf6 16. Nb5 Qd8 17. Bb2 f6 18. Nc3 Bf7 19. Bc1 Nd7 20. Qd3 Kh8 21. Be3 Nc5 22. Qd2 a4 23. b4 Nb3 24. Qd3 Ne7 25. Nd5 Nxd5 26. cxd5 Bg6 27. f5 Bf7 28. Rf4 c6 29. dxc6 bxc6 30. Bf2 d5 31. Rd1 Qe7 32. h3 Rad8 33. Re1 d4 34. e5 c5 35. Bh4 c4 36. Qd1 d3 37. Bb1 Qa7+ 38. Bf2 Qc7 39. Bg3 Rxe5 40. Rxe5 Qxe5 41. Kh2 Qe2 42. Qg1 d2 43. Qa7 d1=Q 44. Qxf7 Qe8 45. Qxc4 Nd2 0-1


[Site "https://www.chess.com"]

[Event "Titled Tuesday Blitz May 18 2021"]
[White "Korchmar, Vasiliy"]
[Black "Maghsoodloo, Parham"]
[WhiteFideId "24131750"]
[BlackFideId "12539929"]
[WhiteElo "2370"]
[BlackElo "2601"]
[Result "0-1"]
[Round "03"]
[TimeControl "180+1"]
[Date "2021.05.18"]
[WhiteClock "0:00:16"]
[BlackClock "0:00:54"]

1. d4 Nf6 2. Nf3 e6 3. Bf4 b6 4. Nbd2 Bb7 5. e3 Bd6 6. Bg5 h6 7. Bh4 Be7 8. Bd3 c5 9. c3 O-O 10. O-O d6 11. Qe2 Nbd7 12. Rfd1 a6 13. a4 Nh5 14. Bxe7 Qxe7 15. b4 Nhf6 16. Rab1 cxd4 17. cxd4 Rfc8 18. Rdc1 Nd5 19. Qf1 Nc3 20. Ra1 Nf6 21. Nc4 Ncd5 22. Qe1 Qd8 23. h3 a5 24. bxa5 bxa5 25. Bf1 Nb4 26. Qd1 Ne4 27. Nfd2 Nxd2 28. Qxd2 Ba6 29. Rc3 Bxc4 30. Bxc4 d5 31. Bb5 Rxc3 32. Qxc3 Rc8 33. Qe1 Nc2 34. Qb1 Nxa1 35. Qxa1 Qc7 36. Qa2 Qc2 37. Qa3 Qc1+ 38. Qxc1 Rxc1+ 39. Kh2 Kf8 40. h4 g5 41. hxg5 hxg5 42. Kg3 Ke7 43. Ba6 Rc2 44. Bb5 f6 45. Kf3 e5 46. dxe5 fxe5 47. g4 Kd6 48. Bd3 e4+ 0-1


[Site "https://www.chess.com"]

[Event "Titled Tuesday Blitz May 18 2021"]
[White "Korobov, Anton"]
[Black "Bologan, Victor"]
[WhiteFideId "14105730"]
[BlackFideId "13900048"]
[WhiteElo "2718"]
[BlackElo "2511"]
[Result "1/2-1/2"]
[Round "03"]
[TimeControl "180+1"]
[Date "2021.05.18"]
[WhiteClock "0:00:24"]
[BlackClock "0:00:12"]

1. d4 d6 2. c4 e5 3. Nf3 e4 4. Ng5 f5 5. Nc3 Nf6 6. h4 c6 7. b4 g6 8. Qb3 Bg7 9. b5 O-O 10. c5+ d5 11. e3 a6 12. bxc6 bxc6 13. Rb1 a5 14. Na4 Na6 15. Nb6 Ra7 16. Nxc8 Qxc8 17. Bd2 Nc7 18. Qa4 Ne6 19. Rb6 Nd8 20. Be2 Nd7 21. Rb3 h6 22. Nh3 Ne6 23. Nf4 Nxf4 24. exf4 h5 25. O-O Qc7 26. Rfb1 Rb8 27. Rxb8+ Nxb8 28. Rb6 Bf6 29. g3 Bd8 30. Bxa5 Qc8 31. Qb4 Nd7 32. Rxc6 Qxc6 33. Bxd8 Rxa2 34. Bb5 Qc8 35. c6 e3 36. fxe3 Qxd8 37. Qd6 Qa5 38. Qxg6+ Kh8 39. Qxh5+ Kg7 40. Qg5+ Kf7 41. Qh5+ Kg7 42. Qg5+ Kf7 43. Qh5+ Kg7 1/2-1/2


[Site "https://www.chess.com"]

[Event "Titled Tuesday Blitz May 18 2021"]
[White "Kuzubov, Yuriy"]
[Black "Molina, Roberto Junio Brito"]
[WhiteFideId "14112906"]
[BlackFideId "2109450"]
[WhiteElo "2577"]
[BlackElo "2402"]
[Result "0-1"]
[Round "03"]
[TimeControl "180+1"]
[Date "2021.05.18"]
[WhiteClock "0:00:01"]
[BlackClock "0:00:09"]

1. Nf3 c6 2. g3 d5 3. Bg2 Bg4 4. h3 Bh5 5. c4 e6 6. O-O Nd7 7. d4 Ngf6 8. cxd5 exd5 9. Qb3 Qb6 10. Qe3+ Be7 11. Nh4 Bg6 12. Nd2 Qd8 13. Nxg6 hxg6 14. Qb3 Qb6 15. Qc3 O-O 16. e3 a5 17. Qc2 Rfe8 18. Nf3 Nf8 19. b3 N6d7 20. Bb2 Bd6 21. Rab1 Re7 22. Ne1 a4 23. bxa4 Qa6 24. Bc3 Nb6 25. a5 Nc4 26. Rb3 Nxa5 27. Bxa5 Qxa5 28. Qb1 Ra7 29. a3 Bxa3 30. Nd3 Bd6 31. Rc1 Ne6 32. h4 Qa2 33. Qxa2 Rxa2 34. Bh3 Ra7 35. Rcb1 f5 36. Kh2 Kf7 37. h5 Ng5 38. hxg6+ Kxg6 39. Bf1 Nf3+ 40. Kg2 Nd2 41. Be2 Nxb3 42. Rxb3 Kf6 43. Bf3 g6 44. Rb1 Rh7 45. Be2 Ke6 46. Ne1 Kd7 47. Nf3 Kc7 48. Ng5 Re7 49. Rh1 Ra8 50. Rh6 Rg8 51. Bd3 b6 52. Kf3 c5 53. dxc5 bxc5 54. g4 fxg4+ 55. Kxg4 c4 56. Bc2 Kc6 57. Rh1 Kc5 58. Rd1 Rf8 59. Rd2 Be5 60. f4 Bc3 61. Re2 Rfe8 62. Kf3 Rg8 63. Rh2 Bf6 64. Nh7 Rh8 0-1


[Site "https://www.chess.com"]

[Event "Titled Tuesday Blitz May 18 2021"]
[White "Lazavik, Denis"]
[Black "Boyer, Mahel"]
[WhiteFideId "13515110"]
[BlackFideId "45102422"]
[WhiteElo "2436"]
[BlackElo "2325"]
[Result "1-0"]
[Round "03"]
[TimeControl "180+1"]
[Date "2021.05.18"]
[WhiteClock "0:00:25"]
[BlackClock "0:00:04"]

1. d4 Nf6 2. c4 c5 3. d5 e6 4. Nc3 exd5 5. cxd5 g6 6. e4 d6 7. h3 Bg7 8. Bd3 a6 9. a4 Nbd7 10. Nf3 Nh5 11. Bg5 Bf6 12. Be3 Ne5 13. Be2 Nxf3+ 14. Bxf3 Ng7 15. O-O O-O 16. Qd2 Be5 17. Be2 f5 18. f4 Bxc3 19. bxc3 fxe4 20. g4 Qh4 21. Kg2 h5 22. f5 hxg4 23. hxg4 gxf5 24. Bg5 Qh7 25. Rh1 Qg6 26. Rh6 e3 27. Qxe3 Qe8 28. Be7 f4 29. Qe4 Rf5 30. Rah1 Re5 31. Qh7+ Kf7 32. Rf6+ Kxe7 33. Qxg7+ Kd8 34. Rxd6+ Bd7 35. Rxd7+ Qxd7 36. Qxe5 1-0


[Site "https://www.chess.com"]

[Event "Titled Tuesday Blitz May 18 2021"]
[White "Le, Tuan Minh"]
[Black "Firat, Burak"]
[WhiteFideId "12401153"]
[BlackFideId "6305881"]
[WhiteElo "2450"]
[BlackElo "2531"]
[Result "0-1"]
[Round "03"]
[TimeControl "180+1"]
[Date "2021.05.18"]
[WhiteClock "0:00:05"]
[BlackClock "0:00:10"]

1. d4 Nf6 2. Nf3 d5 3. Bf4 e6 4. e3 Bd6 5. Nbd2 Bxf4 6. exf4 O-O 7. c3 c5 8. Bd3 Qc7 9. g3 b6 10. Qe2 a5 11. O-O Ba6 12. Bxa6 Nxa6 13. Rfe1 Nb8 14. Qd3 g6 15. Ne5 Nc6 16. Ndf3 Ne7 17. h4 Rac8 18. a4 Nf5 19. Kg2 cxd4 20. Nxd4 Nxd4 21. Qxd4 Qc5 22. Rad1 Qxd4 23. Rxd4 Rfd8 24. Red1 Rc5 25. g4 b5 26. b4 Rxc3 27. bxa5 bxa4 28. Rxa4 Ra8 29. a6 Ne4 30. Rda1 Nc5 31. Ra5 f6 32. Nf3 Nd3 33. R5a4 Rc4 34. Rxc4 dxc4 35. Nd4 c3 36. Kf3 Nb4 37. a7 e5 38. fxe5 fxe5 39. Nb5 Nc6 40. Ke2 Nd4+ 41. Nxd4 exd4 42. Kd3 Kf7 43. Kxd4 c2 44. Kd3 c1=Q 45. Rxc1 Rxa7 46. Ke4 h5 47. f3 Ra4+ 48. Ke5 hxg4 49. Rc7+ Kg8 50. f4 Ra6 51. Rc3 Kg7 52. Rg3 Ra5+ 53. Ke6 Ra6+ 54. Kd5 Ra5+ 55. Kc4 Ra4+ 56. Kd5 Rxf4 57. Ke5 Ra4 58. Rg1 Kh6 59. Kf6 Rf4+ 60. Ke5 Rf5+ 61. Ke4 Kh5 62. Rh1 g3 63. Ke3 Kg4 64. Ke2 Re5+ 65. Kf1 Kf3 66. Rh3 Ra5 67. Ke1 Kg2 0-1


[Site "https://www.chess.com"]

[Event "Titled Tuesday Blitz May 18 2021"]
[White "Leitao, Rafael"]
[Black "Sarana, Alexey"]
[WhiteFideId "2101246"]
[BlackFideId "24133795"]
[WhiteElo "2609"]
[BlackElo "2629"]
[Result "0-1"]
[Round "03"]
[TimeControl "180+1"]
[Date "2021.05.18"]
[WhiteClock "0:00:57"]
[BlackClock "0:01:45"]

1. c4 e6 2. g3 d5 3. Bg2 Nf6 4. Nf3 Be7 5. O-O O-O 6. b3 a5 7. Nc3 d4 8. Nb5 Nc6 9. Bb2 e5 10. e3 Bc5 11. exd4 exd4 12. d3 h6 13. Re1 Bg4 14. h3 Bh5 15. g4 Bg6 16. Ne5 Nxe5 17. Rxe5 Nd7 18. Re2 c6 19. Nxd4 Nf6 20. Nf5 Bxf5 21. gxf5 Bd4 22. Bxd4 Qxd4 23. Qd2 Qxa1+ 0-1


[Site "https://www.chess.com"]

[Event "Titled Tuesday Blitz May 18 2021"]
[White "Lovkov, Roman"]
[Black "Artemiev, Vladislav"]
[WhiteFideId "4157389"]
[BlackFideId "24101605"]
[WhiteElo "2387"]
[BlackElo "2783"]
[Result "0-1"]
[Round "03"]
[TimeControl "180+1"]
[Date "2021.05.18"]
[WhiteClock "0:00:02"]
[BlackClock "0:00:07"]

1. e4 g6 2. d4 Bg7 3. Nf3 c6 4. c4 d5 5. exd5 cxd5 6. cxd5 Nf6 7. Nc3 Nxd5 8. Bc4 Nxc3 9. bxc3 Qc7 10. Qb3 O-O 11. O-O Nc6 12. Be2 Be6 13. Qa3 Na5 14. Re1 Rac8 15. Bd2 Bd5 16. Qb4 e6 17. Rac1 Nc4 18. Bg5 Rfe8 19. a4 Bf8 20. Qb1 Ba3 21. Bxc4 Bxf3 22. Bb5 Bc6 23. Rc2 Bd6 24. h4 a6 25. Bxc6 Qxc6 26. Qb3 Bf8 27. h5 h6 28. Be3 g5 29. c4 Bg7 30. Rb1 Rc7 31. Qd3 Qxa4 32. c5 Rd8 33. Qe4 Qc6 34. Qxc6 bxc6 35. Ra2 Bxd4 36. Bxd4 Rxd4 37. Rxa6 Rc4 38. Rb8+ Kg7 39. Raa8 Rxc5 40. Rg8+ Kf6 41. Rh8 Rd7 42. Rxh6+ Kg7 43. Rhh8 Rc1+ 44. Kh2 Rc4 45. Rag8+ Kf6 46. Rc8 Rh4+ 47. Kg3 Rdd4 48. f3 Rc4 49. h6 Rh5 50. h7 Rch4 51. Rxc6 Rxh7 52. Rxh7 Rxh7 53. Rc4 Kg6 54. Ra4 f5 55. Ra6 Kf6 56. Rb6 Rc7 57. Ra6 Rc3 58. Ra5 g4 59. Ra4 Kg5 60. Ra5 Rb3 61. Rc5 Re3 62. Ra5 e5 63. Kf2 f4 64. fxg4 Kxg4 65. Ra8 Rb3 66. Rg8+ Kf5 67. Rf8+ Ke4 68. Ra8 Rb2+ 69. Kf1 Rd2 70. Ra3 Rd3 71. Ra4+ Ke3 72. Ra1 e4 73. Re1+ Kd4 74. Ra1 Rc3 75. Rd1+ Ke5 76. Ra1 Kf5 77. Ra4 Rc1+ 78. Kf2 e3+ 79. Ke2 Rg1 0-1


[Site "https://www.chess.com"]

[Event "Titled Tuesday Blitz May 18 2021"]
[White "Matsenko, Andrei"]
[Black "Svane, Rasmus"]
[WhiteFideId "24146501"]
[BlackFideId "4657101"]
[WhiteElo "2228"]
[BlackElo "2669"]
[Result "1-0"]
[Round "03"]
[TimeControl "180+1"]
[Date "2021.05.18"]
[WhiteClock "0:00:42"]
[BlackClock "0:00:03"]

1. Nf3 d5 2. b3 Bg4 3. Bb2 e6 4. e3 h6 5. Be2 Nf6 6. O-O Bd6 7. d4 Nbd7 8. Ne5 Bf5 9. c4 c6 10. Nd2 O-O 11. Rc1 a5 12. f4 Bh7 13. g4 a4 14. bxa4 Qa5 15. c5 Bxe5 16. fxe5 Ne4 17. Nxe4 Bxe4 18. Bd3 f5 19. gxf5 Rxf5 20. Bxe4 Rxf1+ 21. Qxf1 dxe4 22. Qh3 Nf8 23. Qg2 Qxa4 24. Qxe4 Qb5 25. Bc3 Rxa2 26. Qf3 Ng6 27. Qf1 Qb3 28. Qh3 Kh7 29. Qf3 Qa3 30. Qf1 Nh4 31. Rc2 Rxc2 32. Qd3+ Kh8 33. Qxc2 Nf5 34. Kf2 Ne7 35. e4 Qa8 36. Ke2 Qe8 37. Kd3 Qh5 38. Kc4 Qf3 39. Kb4 Kg8 40. Ka5 Qf1 41. Kb6 Qa6+ 42. Kc7 Qa8 43. Qb3 Kf7 44. Qxb7 Qa3 45. Kd6 Qxc3 46. Qxe7+ Kg6 47. Qxe6+ Kh5 48. Qf5+ g5 49. Qf2 Qa5 50. Qf7+ Kh4 51. Qf2+ Kh5 52. Qf3+ Kh4 53. Qg3+ Kh5 54. Qh3+ Kg6 55. Qe6+ Kh5 56. Qe8+ Kh4 57. Qxc6 Qd8+ 58. Qd7 Qb8+ 59. Kd5 Qb3+ 60. Kd6 Qb8+ 61. Ke7 g4 62. c6 Qb4+ 63. Qd6 Qd2 64. c7 Qc2 65. Kd8 Qxh2 66. c8=Q h5 67. Qf5 Qd2 68. Qdf6+ Kg3 69. e6 h4 70. e7 h3 71. e8=Q Kg2 72. Qee5 g3 73. Qf1+ Kh2 74. Qxg3+ Kxg3 75. Q6f3+ Kh4 76. Q1xh3+ Kg5 77. Qhh5# 1-0


[Site "https://www.chess.com"]

[Event "Titled Tuesday Blitz May 18 2021"]
[White "Mirzoev, Azer"]
[Black "Chigaev, Maksim"]
[WhiteFideId "13400304"]
[BlackFideId "4108116"]
[WhiteElo "2525"]
[BlackElo "2646"]
[Result "0-1"]
[Round "03"]
[TimeControl "180+1"]
[Date "2021.05.18"]
[WhiteClock "0:00:02"]
[BlackClock "0:00:19"]

1. d4 Nf6 2. Nf3 g6 3. g3 Bg7 4. Bg2 O-O 5. O-O d6 6. b3 e5 7. Bb2 e4 8. Ne1 e3 9. f3 Re8 10. c4 h5 11. Nc2 Bf5 12. d5 Bxc2 13. Qxc2 Nbd7 14. Nc3 a5 15. Rad1 Nc5 16. Nb5 Nfd7 17. Bxg7 Kxg7 18. Qc3+ Kg8 19. Qd4 Na6 20. f4 Qf6 21. Qxf6 Nxf6 22. Bf3 Re7 23. Kg2 Nd7 24. h4 Kg7 25. Rd4 f5 26. Rc1 Ndc5 27. Rdd1 a4 28. bxa4 Nxa4 29. Nd4 N6c5 30. Rc2 Kf6 31. Rb1 Nb6 32. Nb5 Ra6 33. a3 Nc8 34. Rc3 Na4 35. Rc2 Ncb6 36. Nd4 Nc5 37. Nb5 Kf7 38. Rb4 Ke8 39. Rc3 Kd7 40. Nd4 Re8 41. Nc2 Ra4 42. Nxe3 Rea8 43. Nc2 Re8 44. Kf1 Kc8 45. Ke1 Kd7 46. Kf1 Ra7 47. Ke1 Nba4 48. Re3 Raa8 49. Rxe8 Rxe8 50. Kf2 Nc3 51. Kf1 Ra8 52. Kf2 Re8 53. Kf1 b6 54. Kf2 N5e4+ 55. Bxe4 Nxe4+ 56. Kg2 Nc3 57. e3 Ne4 58. Kf3 Ra8 59. Ke2 Ra6 60. Kf3 Ra7 61. Kg2 Ra8 62. Kf3 Re8 63. Kg2 Nd2 64. Kf2 Re4 65. c5 dxc5 66. Rxe4 Nxe4+ 67. Kf3 Kd6 68. a4 Kxd5 69. Na3 c6 70. Ke2 c4 71. Nb1 Nxg3+ 72. Kd2 Ne4+ 73. Kc2 Kc5 74. Na3 Kb4 75. Nb1 Kxa4 0-1


[Site "https://www.chess.com"]

[Event "Titled Tuesday Blitz May 18 2021"]
[White "Naroditsky, Daniel"]
[Black "Dang, Hoang Son"]
[WhiteFideId "2026961"]
[BlackFideId "12402435"]
[WhiteElo "2608"]
[BlackElo "2248"]
[Result "1-0"]
[Round "03"]
[TimeControl "180+1"]
[Date "2021.05.18"]
[WhiteClock "0:00:27"]
[BlackClock "0:00:25"]

1. b3 g6 2. Bb2 f6 3. e4 Bg7 4. f4 Nh6 5. Nf3 O-O 6. Be2 c5 7. O-O Nc6 8. d4 cxd4 9. Nxd4 e6 10. c4 Qb6 11. Kh1 f5 12. e5 d6 13. Nxc6 bxc6 14. Qxd6 Rd8 15. c5 Qa5 16. Bc3 Rxd6 17. Bxa5 Rd5 18. Nc3 Rd4 19. Rad1 Rxd1 20. Rxd1 Nf7 21. Bf3 Bb7 22. Nb5 g5 23. g3 g4 24. Bg2 Rb8 25. Nxa7 Ra8 26. Bb6 h5 27. b4 h4 28. b5 h3 29. Bxc6 Rb8 30. Bxb7 Rxb7 31. c6 1-0


[Site "https://www.chess.com"]

[Event "Titled Tuesday Blitz May 18 2021"]
[White "Nguyen, Van Huy"]
[Black "Jobava, Baadur"]
[WhiteFideId "12401064"]
[BlackFideId "13601520"]
[WhiteElo "2443"]
[BlackElo "2748"]
[Result "0-1"]
[Round "03"]
[TimeControl "180+1"]
[Date "2021.05.18"]
[WhiteClock "0:02:12"]
[BlackClock "0:02:32"]

1. d4 d5 2. Nf3 c6 3. c4 Nf6 4. Nc3 dxc4 5. a4 Bf5 6. Nh4 g6 7. Nxf5 gxf5 8. e3 e6 9. Bd3 cxd3 10. Qxd3 Nbd7 11. O-O Rg8 12. Re1 Bb4 13. Bd2 Qe7 14. a5 a6 15. Qc4 O-O-O 16. Ra4 Bd6 17. b4 Bxh2+ 18. Kxh2 Ng4+ 19. Kg1 Qh4 0-1


[Site "https://www.chess.com"]

[Event "Titled Tuesday Blitz May 18 2021"]
[White "Nikitenko, Mihail"]
[Black "Jacobson, Brandon"]
[WhiteFideId "13506862"]
[BlackFideId "30901561"]
[WhiteElo "2430"]
[BlackElo "2362"]
[Result "1/2-1/2"]
[Round "03"]
[TimeControl "180+1"]
[Date "2021.05.18"]
[WhiteClock "0:00:16"]
[BlackClock "0:00:07"]

1. e4 c5 2. Nf3 Nc6 3. d4 cxd4 4. Nxd4 Nf6 5. Nc3 d6 6. Bg5 e6 7. Qd2 a6 8. O-O-O Bd7 9. f3 Nxd4 10. Qxd4 Bc6 11. h4 h6 12. Be3 d5 13. exd5 Nxd5 14. Nxd5 Qxd5 15. Bc4 Qxd4 16. Bxd4 O-O-O 17. Be5 Rxd1+ 18. Rxd1 Rg8 19. h5 Be7 20. c3 Bf6 21. Bd6 g6 22. hxg6 Rxg6 23. Bf1 h5 24. Kd2 Bg5+ 25. Ke2 e5 26. Kf2 Bf4 27. c4 h4 28. Be7 Bg3+ 29. Ke3 Re6 30. Bc5 Kc7 31. Bd3 Bf4+ 32. Kf2 Rh6 33. Bf5 Rf6 34. Bh3 Rg6 35. Be7 Bg3+ 36. Ke2 Rg8 37. b4 Re8 38. Bd6+ Kb6 39. Bc5+ Kc7 40. Bd6+ Kb6 41. Bc5+ Kc7 42. Bd6+ 1/2-1/2


[Site "https://www.chess.com"]

[Event "Titled Tuesday Blitz May 18 2021"]
[White "Oparin, Grigoriy"]
[Black "Costachi, Mihnea"]
[WhiteFideId "24125890"]
[BlackFideId "1217518"]
[WhiteElo "2628"]
[BlackElo "2479"]
[Result "1-0"]
[Round "03"]
[TimeControl "180+1"]
[Date "2021.05.18"]
[WhiteClock "0:01:48"]
[BlackClock "0:01:04"]

1. f4 Nf6 2. Nf3 d5 3. g3 g6 4. Bg2 Bg7 5. d3 O-O 6. O-O c5 7. c3 Nc6 8. Na3 b6 9. Qe1 Bb7 10. e4 dxe4 11. dxe4 Qc7 12. e5 Ng4 13. h3 Nh6 14. g4 f6 15. e6 Rad8 16. Qh4 Ba6 17. Re1 Rd3 18. f5 g5 19. Qf2 Rfd8 20. Nc2 Rd1 21. Be3 Rxa1 22. Rxa1 Ne5 23. Nxe5 Qxe5 24. Re1 Qc7 25. Bc1 Bb7 26. Ne3 Bxg2 27. Kxg2 Rd3 28. c4 b5 29. Nd5 Qd6 30. b3 bxc4 31. bxc4 Rd4 32. Qg3 Qxg3+ 33. Kxg3 Bf8 34. Ne3 Kg7 35. Rd1 Re4 36. Rd7 a6 37. a4 Ng8 38. a5 h5 39. Ra7 hxg4 40. hxg4 Nh6 41. Rxa6 Nxg4 42. Nxg4 Rxc4 43. Be3 Rc3 44. Ra8 Ra3 45. a6 Rxa6 46. Rxa6 1-0


[Site "https://www.chess.com"]

[Event "Titled Tuesday Blitz May 18 2021"]
[White "Praggnanandhaa R"]
[Black "Mitrabha, Guha"]
[WhiteFideId "25059530"]
[BlackFideId "5057000"]
[WhiteElo "2555"]
[BlackElo "2334"]
[Result "1-0"]
[Round "03"]
[TimeControl "180+1"]
[Date "2021.05.18"]
[WhiteClock "0:00:06"]
[BlackClock "0:00:18"]

1. d4 Nf6 2. Bf4 b6 3. e3 Bb7 4. c4 g6 5. Nc3 Bg7 6. h4 h5 7. Nf3 d6 8. d5 Nbd7 9. Nd4 O-O 10. Be2 Qe8 11. Ncb5 Qc8 12. Qc2 a6 13. Nc3 Ne5 14. Bxe5 dxe5 15. Nf3 Ng4 16. Ng5 c6 17. Bf3 Re8 18. Be4 f5 19. dxc6 Bxc6 20. Bf3 Bf6 21. Nd5 Qb7 22. Ne6 Rac8 23. Qb3 e4 24. Bxg4 hxg4 25. Rd1 b5 26. c5 Kh7 27. Ndf4 Kh6 28. Ng5 e5 29. Rd6 Rf8 30. Nfe6 Rfe8 31. h5 gxh5 32. Nd8 Rcxd8 33. Nf7+ Kg6 34. Nxd8 Rxd8 35. Rxd8 Qe7 36. Qg8+ Bg7 37. Rd6+ Kg5 38. Rxc6 1-0


[Site "https://www.chess.com"]

[Event "Titled Tuesday Blitz May 18 2021"]
[White "Sadovsky, Artem"]
[Black "Pichot, Alan"]
[WhiteFideId "4155840"]
[BlackFideId "110973"]
[WhiteElo "2476"]
[BlackElo "2622"]
[Result "0-1"]
[Round "03"]
[TimeControl "180+1"]
[Date "2021.05.18"]
[WhiteClock "0:02:16"]
[BlackClock "0:02:28"]

1. Nf3 c5 2. e3 g6 3. d4 Bg7 4. Be2 Nf6 5. O-O O-O 6. c4 cxd4 7. Nxd4 d5 8. Nc3 dxc4 9. Bxc4 a6 10. a4 b6 11. Qf3 Ra7 12. Rd1 Bg4 13. Nc6 Bxf3 14. Rxd8 Bxc6 0-1


[Site "https://www.chess.com"]

[Event "Titled Tuesday Blitz May 18 2021"]
[White "Sanal, Vahap"]
[Black "Mindlin, Alon"]
[WhiteFideId "6300545"]
[BlackFideId "2800071"]
[WhiteElo "2507"]
[BlackElo "2402"]
[Result "1-0"]
[Round "03"]
[TimeControl "180+1"]
[Date "2021.05.18"]
[WhiteClock "0:00:12"]
[BlackClock "0:00:46"]

1. e4 e5 2. Nc3 Nf6 3. f4 d5 4. fxe5 Nxe4 5. Qf3 Nxc3 6. dxc3 Be6 7. Qg3 g6 8. Nf3 Bg7 9. Bf4 Nc6 10. O-O-O h6 11. h4 Qe7 12. Bb5 Qc5 13. Nd4 O-O-O 14. Bxc6 bxc6 15. Be3 Qe7 16. Nxc6 Qd7 17. Nxd8 Rxd8 18. Bxa7 Qa4 19. Bc5 Qxa2 20. Qf4 d4 21. cxd4 h5 22. Kd2 Qd5 23. Ke3 Bg4 24. Rd2 f6 25. exf6 Re8+ 26. Be7 Bf8 27. Kf2 Bxe7 28. fxe7 Rxe7 29. Kg3 Rf7 30. Qe5 Rf3+ 31. gxf3 Qxf3+ 32. Kh2 g5 33. Qg3 Qd5 34. Re1 gxh4 35. Qf4 h3 36. Re7 Qc4 37. Qxc7+ Qxc7+ 38. Rxc7+ Kxc7 39. c4 1-0


[Site "https://www.chess.com"]

[Event "Titled Tuesday Blitz May 18 2021"]
[White "Sasikiran, Krishnan"]
[Black "Bordi, Kevin"]
[WhiteFideId "5004985"]
[BlackFideId "621862"]
[WhiteElo "2552"]
[BlackElo "2689"]
[Result "1/2-1/2"]
[Round "03"]
[TimeControl "180+1"]
[Date "2021.05.18"]
[WhiteClock "0:00:31"]
[BlackClock "0:00:15"]

1. e4 d5 2. exd5 Qxd5 3. Nc3 Qa5 4. g3 Nf6 5. Bg2 c6 6. d3 Bf5 7. Nf3 e6 8. h3 Be7 9. Nh4 Bg6 10. O-O Nbd7 11. Rb1 O-O 12. Nxg6 hxg6 13. Bd2 Qc7 14. Qe2 Nb6 15. Rbe1 Nbd5 16. Ne4 Rad8 17. Ng5 Rfe8 18. h4 Bf8 19. Bh3 Bc5 20. Kh2 Bd6 21. a3 Nh5 22. Rg1 Ne7 23. Bxe6 fxe6 24. Qxe6+ Kh8 25. Nf7+ Kh7 26. Ng5+ Kh8 27. Nf7+ Kh7 28. Nxd8 Rxd8 29. Bg5 Rd7 30. Kh3 Nd5 31. Re4 Rf7 32. f4 Nhf6 33. Bxf6 Nxf6 34. Ree1 Re7 35. Qc4 Qd7+ 36. Kg2 Rxe1 37. Rxe1 Qg4 38. Qe6 Qxe6 39. Rxe6 Bf8 40. Kf3 Kg8 41. c4 Kf7 42. Re2 Bc5 43. b4 Bd4 44. g4 Ne8 45. Re4 Bb2 46. a4 Nc7 47. Re2 Bc3 48. b5 Ne6 49. Rg2 Nc5 50. Ke3 Ne6 51. f5 gxf5 52. gxf5 Nd4 53. Ke4 Nb3 54. Rc2 Nc5+ 55. Ke3 Bf6 56. d4 Nxa4 57. bxc6 bxc6 58. Ra2 Nb6 59. Rxa7+ Kg8 60. c5 Nd5+ 61. Ke4 Bxh4 62. Ra6 Ne7 63. Ra8+ Kf7 64. Rd8 Bf6 1/2-1/2


[Site "https://www.chess.com"]

[Event "Titled Tuesday Blitz May 18 2021"]
[White "Sjugirov, Sanan"]
[Black "Karthikeyan, Murali"]
[WhiteFideId "4189302"]
[BlackFideId "5074452"]
[WhiteElo "2472"]
[BlackElo "2564"]
[Result "1-0"]
[Round "03"]
[TimeControl "180+1"]
[Date "2021.05.18"]
[WhiteClock "0:00:28"]
[BlackClock "0:00:02"]

1. d4 Nf6 2. c4 g6 3. Nc3 Bg7 4. e4 d6 5. Nf3 O-O 6. Be2 e5 7. O-O Nc6 8. d5 Ne7 9. b4 a5 10. bxa5 c5 11. a4 h6 12. Nd2 Ne8 13. Ra3 f5 14. exf5 gxf5 15. f4 exf4 16. Nb5 Ng6 17. Bh5 Qg5 18. Bxg6 Qxg6 19. Nf3 Rxa5 20. Bxf4 Bd7 21. Qd2 Ra8 22. a5 Bxb5 23. cxb5 Nf6 24. a6 bxa6 25. bxa6 Rf7 26. Qd3 Ne4 27. g3 Qf6 28. Nd2 Qd4+ 29. Qxd4 Bxd4+ 30. Kg2 Nxd2 31. Bxd2 Kh7 32. Rb1 Rfa7 33. Rb7+ Rxb7 34. axb7 Rb8 35. Rb3 c4 36. Rb5 Kg6 37. Kf3 h5 38. Ke2 Kf7 39. Ba5 c3 40. Kd3 Ba7 41. Bc7 1-0


[Site "https://www.chess.com"]

[Event "Titled Tuesday Blitz May 18 2021"]
[White "Sydoryka, Vladyslav"]
[Black "Eljanov, Pavel"]
[WhiteFideId "14145928"]
[BlackFideId "14102951"]
[WhiteElo "2245"]
[BlackElo "2602"]
[Result "1/2-1/2"]
[Round "03"]
[TimeControl "180+1"]
[Date "2021.05.18"]
[WhiteClock "0:00:08"]
[BlackClock "0:00:15"]

1. c4 Nf6 2. g3 e6 3. Bg2 d5 4. Nf3 Be7 5. O-O O-O 6. b3 d4 7. Bb2 c5 8. e3 Nc6 9. exd4 cxd4 10. Re1 Re8 11. d3 Bb4 12. Nbd2 e5 13. a3 Bc3 14. Ra2 a5 15. Bxc3 dxc3 16. Nb1 e4 17. dxe4 Qxd1 18. Rxd1 Nxe4 19. Rc1 a4 20. b4 Be6 21. Nxc3 Bxc4 22. Rb2 Nxc3 23. Rxc3 b5 24. Bf1 Bxf1 25. Kxf1 Ne5 26. Nd4 Nc4 27. Rbc2 Nd6 28. Rc5 Rad8 29. Nxb5 Nxb5 30. Rxb5 Rd3 31. Ra2 Ra8 32. Ke2 Rb3 33. Re5 f6 34. Re3 Kf7 35. Rd2 Re8 36. Rxe8 Kxe8 37. Rd3 Rb2+ 38. Ke3 Ke7 39. h4 h5 40. Rc3 Kd6 41. Kf3 Rb3 42. Re3 Kd5 43. Ke2 Rb2+ 44. Kf3 Rb3 45. Ke2 Rb2+ 46. Kf3 Rb3 1/2-1/2


[Site "https://www.chess.com"]

[Event "Titled Tuesday Blitz May 18 2021"]
[White "Tabatabaei, M. Amin"]
[Black "Quintiliano Pinto, Renato R."]
[WhiteFideId "12521213"]
[BlackFideId "2117568"]
[WhiteElo "2555"]
[BlackElo "2439"]
[Result "1-0"]
[Round "03"]
[TimeControl "180+1"]
[Date "2021.05.18"]
[WhiteClock "0:00:09"]
[BlackClock "0:00:07"]

1. Nf3 d5 2. c4 e6 3. b3 Nf6 4. Bb2 Be7 5. e3 O-O 6. Nc3 b6 7. Rg1 Bb7 8. g4 Nbd7 9. g5 Ne4 10. h4 Ndc5 11. Ne5 Nxc3 12. Bxc3 Ne4 13. Bb2 Bb4 14. Nf3 dxc4 15. Bxc4 Nc5 16. Ne5 Ne4 17. Nf3 Nc5 18. Kf1 Bxf3 19. Qxf3 Qxd2 20. Bf6 Qc2 21. Bd4 Ne4 22. Kg2 Nd2 23. Qe2 Qe4+ 24. f3 Qxh4 25. f4 Nxc4 26. Rh1 1-0


[Site "https://www.chess.com"]

[Event "Titled Tuesday Blitz May 18 2021"]
[White "Xiong, Jeffery"]
[Black "Murzin, Volodar"]
[WhiteFideId "2047640"]
[BlackFideId "44155573"]
[WhiteElo "2724"]
[BlackElo "2541"]
[Result "0-1"]
[Round "03"]
[TimeControl "180+1"]
[Date "2021.05.18"]
[WhiteClock "0:00:56"]
[BlackClock "0:00:25"]

1. e4 c6 2. d4 d5 3. e5 Bf5 4. Nf3 e6 5. Be2 Ne7 6. Nbd2 h6 7. Nb3 Nd7 8. O-O Bh7 9. a4 Ng6 10. Bd2 Be7 11. Ne1 O-O 12. f4 c5 13. dxc5 Nxc5 14. Nxc5 Bxc5+ 15. Kh1 Rc8 16. Bd3 Qc7 17. a5 a6 18. Qg4 Ba7 19. Rf3 Kh8 20. Rh3 Rg8 21. Nf3 Nf8 22. f5 exf5 23. Bxf5 Bxf5 24. Qxf5 Qd7 25. Qxd7 Nxd7 26. c3 Rge8 27. Rh5 Nc5 28. Be3 Nb3 29. Bxa7 Nxa1 30. Nd4 Rc4 31. Rf5 Kg8 32. h4 Ra4 33. Bb6 Ra2 34. b4 Nc2 35. Nb3 Ra3 36. Nc5 Rxc3 37. Nxb7 Nxb4 38. Nd6 Re7 0-1


[Site "https://www.chess.com"]